% Time on Ice - SEATTLE GRUNGE
Lines # - Real PCT - Wanted PCT - Time Play
Normal Forward
1 - 32% - 37% - 16:04
2 - 33% - 37% - 16:20
3 - 24% - 21% - 12:11
4 - 11% - 5% - 5:19
Normal Defense
1 - 37% - 40% - 18:25
2 - 35% - 39% - 17:13
3 - 29% - 21% - 14:16
4 - 0% - 0% - 0:00
PP Forward
1 - 60% - 55% - 3:42
2 - 40% - 45% - 2:26
PP Defense
1 - 63% - 55% - 3:52
2 - 37% - 45% - 2:16
PK Forward
1 - 63% - 55% - 2:31
2 - 37% - 45% - 1:27
PK Defense
1 - 61% - 55% - 2:25
2 - 39% - 45% - 1:33
PK3 Forward
1 - 0% - 55%
2 - 0% - 45%
PK3 Defense
1 - 0% - 55%
2 - 0% - 45%
44 Forward
1 - 0% - 55%
2 - 0% - 45%
44 Defense
1 - 0% - 55%
2 - 0% - 45%
Last Minute Offensive  - 0:00
Last Minute Defensive  - 0:00
Total
Forward - 60:00
Defense - 60:00
% Time on Ice - COLORADO GLACIERCATS
Lines # - Real PCT - Wanted PCT - Time Play
Normal Forward
1 - 33% - 37% - 16:29
2 - 33% - 35% - 16:18
3 - 27% - 25% - 13:14
4 - 8% - 3% - 3:53
Normal Defense
1 - 34% - 38% - 16:45
2 - 34% - 35% - 17:05
3 - 30% - 27% - 14:53
4 - 2% - 0% - 1:11
PP Forward
1 - 56% - 50% - 2:14
2 - 44% - 50% - 1:44
PP Defense
1 - 47% - 50% - 1:53
2 - 53% - 50% - 2:05
PK Forward
1 - 55% - 50% - 3:24
2 - 45% - 50% - 2:44
PK Defense
1 - 49% - 40% - 3:02
2 - 51% - 60% - 3:06
PK3 Forward
1 - 0% - 50%
2 - 0% - 50%
PK3 Defense
1 - 0% - 50%
2 - 0% - 50%
44 Forward
1 - 0% - 50%
2 - 0% - 50%
44 Defense
1 - 0% - 50%
2 - 0% - 50%
Last Minute Offensive  - 0:00
Last Minute Defensive  - 0:00
Total
Forward - 60:00
Defense - 60:00
Play-by-Play 1st period 0:01 of 1st period - Leon Draisaitl wins face-off versus Chris Tierney in neutral zone. 0:08 of 1st period - Shot by Dustin Brown. 0:08 of 1st period - Stopped by Semyon Varlamov without a rebound. 0:09 of 1st period - Tyler Seguin wins face-off versus Tomas Hertl in SEATTLE GRUNGE zone. 0:50 of 1st period - Shot by Tomas Hertl. 0:50 of 1st period - Stopped by Semyon Varlamov with a rebound. 1:43 of 1st period - Off-side. 1:44 of 1st period - Cedric Paquette wins face-off versus Morgan Geekie in neutral zone. 2:51 of 1st period - Shot by Roman Josi. 2:51 of 1st period - Shot Misses the Net. 3:03 of 1st period - Shot by Ryan Ellis. 3:03 of 1st period - Shot Misses the Net. 3:05 of 1st period - Shot by Ryan Ellis. 3:05 of 1st period - Shot Blocked by Roman Josi. 3:07 of 1st period - Shot by Ryan Ellis. 3:07 of 1st period - Shot Blocked by David Savard. 3:09 of 1st period - Shot by Ryan Ellis. 3:09 of 1st period - Shot Blocked by David Savard. 3:50 of 1st period - Off-side. 3:51 of 1st period - Joonas Donskoi wins face-off versus Chris Tierney in neutral zone. 4:20 of 1st period - Shot by Tomas Hertl. 4:20 of 1st period - Shot Misses the Net. 4:22 of 1st period - Shot by Johnny Boychuk. 4:22 of 1st period - Shot Blocked by Damon Severson. 4:39 of 1st period - Icing by Damon Severson. 4:40 of 1st period - Leon Draisaitl wins face-off versus Chris Tierney in SEATTLE GRUNGE zone. 4:55 of 1st period - Shot by Dustin Brown. 4:55 of 1st period - Shot Misses the Net. 4:57 of 1st period - Shot by Michael Matheson. 4:57 of 1st period - Shot Blocked by Damon Severson. 4:59 of 1st period - Shot by Zach Bogosian. 4:59 of 1st period - Shot Misses the Net. 7:04 of 1st period - Shot by Vladislav Namestnikov. 7:04 of 1st period - Shot Misses the Net. 7:06 of 1st period - Shot by Vladislav Namestnikov. 7:06 of 1st period - Stopped by Darcy Kuemper without a rebound. 7:07 of 1st period - Jason Spezza wins face-off versus Dustin Brown in COLORADO GLACIERCATS zone. 7:14 of 1st period - Shot by Dustin Brown. 7:14 of 1st period - Shot Blocked by David Savard. 7:16 of 1st period - Shot by Leon Draisaitl. 7:16 of 1st period - Stopped by Semyon Varlamov without a rebound. 7:17 of 1st period - Leon Draisaitl wins face-off versus Morgan Geekie in SEATTLE GRUNGE zone. 7:20 of 1st period - Shot by Brayden Schenn. 7:20 of 1st period - Stopped by Semyon Varlamov with a rebound. 7:22 of 1st period - Shot by Ryan Ellis. 7:22 of 1st period - Shot Misses the Net. 7:24 of 1st period - Shot by Ryan Ellis. 7:24 of 1st period - Stopped by Semyon Varlamov without a rebound. 7:25 of 1st period - Sam Gagner wins face-off versus Morgan Geekie in SEATTLE GRUNGE zone. 7:37 of 1st period - Off-side. 7:38 of 1st period - Tyler Seguin wins face-off versus Cedric Paquette in neutral zone. 7:44 of 1st period - Shot by Wayne Simmonds. 7:44 of 1st period - Stopped by Darcy Kuemper with a rebound. 7:46 of 1st period - Shot by Mike Hoffman. 7:46 of 1st period - Shot Misses the Net. 7:48 of 1st period - Shot by Tyler Seguin. 7:48 of 1st period - Deflect By Mike Hoffman. 7:48 of 1st period - Stopped by Darcy Kuemper without a rebound. 7:49 of 1st period - Leon Draisaitl wins face-off versus Morgan Geekie in COLORADO GLACIERCATS zone. 7:56 of 1st period - Vladislav Namestnikov is hit by Dustin Brown and loses puck. 8:02 of 1st period - Off-side. 8:03 of 1st period - Tyler Seguin wins face-off versus Cedric Paquette in neutral zone. 8:34 of 1st period - Shot by Mike Hoffman. 8:34 of 1st period - Shot Misses the Net. 8:44 of 1st period - Shot by Luke Glendening. 8:44 of 1st period - Shot Misses the Net. 9:23 of 1st period - Icing by Wayne Simmonds. 9:24 of 1st period - Tyler Seguin wins face-off versus Tomas Hertl in SEATTLE GRUNGE zone. 9:57 of 1st period - Shot by Tomas Hertl. 9:57 of 1st period - Stopped by Semyon Varlamov without a rebound. 9:58 of 1st period - Chris Tierney wins face-off versus Leon Draisaitl in SEATTLE GRUNGE zone. 10:07 of 1st period - Double Minor Penalty to Devon Toews for High sticking. 10:08 of 1st period - Luke Glendening wins face-off versus Jake Guentzel in COLORADO GLACIERCATS zone. 10:15 of 1st period - Shot by Jake Guentzel. 10:15 of 1st period - Shot Blocked by Luke Glendening. 10:17 of 1st period - Shot by Josh Bailey. 10:17 of 1st period - Stopped by Darcy Kuemper without a rebound. 10:18 of 1st period - Jake Guentzel wins face-off versus Tomas Hertl in COLORADO GLACIERCATS zone. 10:33 of 1st period - Shot by Roman Josi. 10:33 of 1st period - Stopped by Darcy Kuemper without a rebound. 10:34 of 1st period - Chris Tierney wins face-off versus Luke Glendening in COLORADO GLACIERCATS zone. 10:39 of 1st period - Shot by Jake Guentzel. 10:39 of 1st period - Stopped by Darcy Kuemper with a rebound. 10:41 of 1st period - Shot by Roman Josi. 10:41 of 1st period - Shot Misses the Net. 12:10 of 1st period - Icing by David Savard. 12:11 of 1st period - Tomas Hertl wins face-off versus Tyler Seguin in SEATTLE GRUNGE zone. 12:15 of 1st period - Icing by David Savard. 12:16 of 1st period - Tyler Seguin wins face-off versus Luke Glendening in SEATTLE GRUNGE zone. 12:30 of 1st period - Erik Johnson is hit by Wayne Simmonds and loses puck. 13:16 of 1st period - Shot by Roman Josi. 13:16 of 1st period - Stopped by Darcy Kuemper without a rebound. 13:17 of 1st period - Chris Tierney wins face-off versus Luke Glendening in COLORADO GLACIERCATS zone. 13:24 of 1st period - Shot by Roman Josi. 13:24 of 1st period - Shot Misses the Net. 14:07 of 1st period - Shot by Mike Hoffman. 14:07 of 1st period - Shot Blocked by Ryan Ellis. 14:09 of 1st period - Shot by Vladislav Namestnikov. 14:09 of 1st period - Shot Misses the Net. 14:19 of 1st period - Shot by Vladislav Namestnikov. 14:19 of 1st period - Shot Misses the Net. 14:30 of 1st period - Shot by Vladislav Namestnikov. 14:30 of 1st period - Goal by Vladislav Namestnikov - SEATTLE GRUNGE : 1 - COLORADO GLACIERCATS : 0. 14:31 of 1st period - Cedric Paquette wins face-off versus Jason Spezza in neutral zone. 14:38 of 1st period - Shot by Cedric Paquette. 14:38 of 1st period - Shot Blocked by David Savard. 14:48 of 1st period - Shot by Scott Laughton. 14:48 of 1st period - Shot Misses the Net. 14:54 of 1st period - Shot by Luke Glendening. 14:54 of 1st period - Shot Misses the Net. 14:56 of 1st period - Shot by Zach Bogosian. 14:56 of 1st period - Shot Misses the Net. 15:49 of 1st period - Shot by Morgan Geekie. 15:49 of 1st period - Deflect By Vladislav Namestnikov. 15:49 of 1st period - Stopped by Darcy Kuemper without a rebound. 15:50 of 1st period - Tomas Hertl